 Dungeon Crawl Stone Soup version 0.31-a0-96-g196d5507e3 (webtiles) character file.

Game seed: 15054627762550841346

62 Essalna the Digger (level 3, -3/28 HPs)
             Began as a Demonspawn Earth Elementalist on May 26, 2023.
             Killed from afar by Natasha (8 damage)
             ... with a magic dart
             ... on level 2 of the Dungeon.
             The game lasted 00:02:22 (1571 turns).

Essalna the Digger (Demonspawn Earth Elementalist)  Turns: 1571, Time: 00:02:23

Health: -3/28      AC:  2    Str:  8    XL:     3   Next: 85%
Magic:  0/6        EV: 12    Int: 18    God:
Gold:   61         SH:  4    Dex: 13    Spells: 5/6 levels left

rFire   . . .        e - +0 dagger
rCold   . . .        (no shield)
rNeg    . . .        a - +0 robe
rPois   .            (no helmet)
rElec   .            (no cloak)
rCorr   .            (no gloves)
SInv    .            (no boots)
Will    .....        (no amulet)
Stlth   ++           (no ring)
HPRegen 0.24/turn    (no ring)
MPRegen 0.10/turn

%: no passive effects
@: slowed, very slow
A: condensation shield
a: no special abilities


You were on level 2 of the Dungeon.
You visited 1 branch of the dungeon, and saw 2 of its levels.

You collected 61 gold pieces.

Inventory:

Hand Weapons
 e - a +0 dagger (weapon)
Armour
 a - a +0 robe (worn)
Magical Staves
 h - a staff of poison
Jewellery
 f - a ring of positive energy
Scrolls
 g - a scroll of identify {unknown}
 i - a scroll of silence {unknown}
Potions
 b - a potion of magic
 c - a potion of curing {unknown}
 d - 3 potions of cancellation {unknown}


   Skills:
 + Level 2.4 Fighting
 - Level 1.7 Dodging
 - Level 1.7 Stealth
 - Level 2.0 Spellcasting
 - Level 0.8 Transmutations
 + Level 3.6 Earth Magic


You had 5 spell levels left.
You knew the following spells:

 Your Spells              Type           Power      Damage    Failure   Level
a - Sandblast             Erth           28%        2d8       4%          1

Your spell library contained the following spells:

 Spells                   Type           Power      Damage    Failure   Level
 Passwall                 Tmut/Erth      6%         N/A       12%         2
 Stone Arrow              Conj/Erth      14%        3d7       28%         3
 Petrify                  Tmut/Erth      8%         N/A       63%         4


Dungeon Overview and Level Annotations

Branches:
Dungeon (2/15)

Altars:

Shops:
D:1 ?

Annotations:
D:2 Natasha


Innate Abilities, Weirdness & Mutations

A meltable shield of frost defends you. (SH +4)


Message History

The blast of sand misses Natasha.
The cerulean imp hits you from afar with a +0 spear.
Natasha casts a spell at you.
You feel yourself slow down. You block the cerulean imp's attack.
Casting: Sandblast (safe; 4% risk of failure)
Confirm with . or Enter, or press ? or * to list all spells.
Aiming: Sandblast (safe; 4% risk of failure)
Press: ? - help, Shift-Dir - straight line, f/p - Natasha
Aim: Natasha (77% to hit)
The blast of sand hits Natasha.
Natasha is moderately wounded.
Natasha misses you. The cerulean imp closely misses you.
Natasha barely misses you.
The cerulean imp hits you from afar with a +0 spear.
Casting: Sandblast (safe; 4% risk of failure)
Confirm with . or Enter, or press ? or * to list all spells.
You don't have enough magic to cast this spell.
Unknown command.
You barely miss Natasha.
Natasha is moderately wounded.
Natasha claws you but does no damage.
The cerulean imp hits you from afar with a +0 spear.
You hit Natasha.
Natasha is heavily wounded.
Natasha casts a spell.
The cerulean imp closely misses you. Natasha claws you.
The cerulean imp hits you from afar with a +0 spear.
Casting: Sandblast (safe; 4% risk of failure)
Confirm with . or Enter, or press ? or * to list all spells.
Aiming: Sandblast (safe; 4% risk of failure)
Press: ? - help, Shift-Dir - straight line, f/p - Natasha
Aim: Natasha (moderately wounded, 77% to hit)
The blast of sand misses Natasha.
You block Natasha's attack.
The cerulean imp hits you from afar with a +0 spear.
* * * LOW HITPOINT WARNING * * *
The cerulean imp hits you with a +1 spear.
* * * LOW HITPOINT WARNING * * *
Natasha casts a spell at you. The magic dart hits you!
You die...

##....>.............
##...................
#....................
#....................
##................?.$.
...†..................
.....$..(.......?.....
.....5...........#
......h@5........#
###.####.#.......#
##.#............#
................#
####.........<..#
##............#
#.............#
#.............#
###....†........#


You could see Natasha and 2 cerulean imps.

Vanquished Creatures
  2 worms (D:2)
  3 dart slugs
  3 ball pythons
  10 bats
  3 endoplasms (D:1)
  3 giant cockroaches (D:1)
  2 goblins (D:1)
  2 hobgoblins
  7 jackals
  3 quokkas
  4 frilled lizards
  2 kobolds (D:1)
  4 rats (D:1)
48 creatures vanquished.

Notes
Turn   | Place    | Note
-------+----------+-------------------------------------------
     0 | D:1      | Essalna the Demonspawn Earth Elementalist began the quest
                  | for the Orb.
     0 | D:1      | Reached XP level 1. HP: 13/13 MP: 3/3
   232 | D:1      | Reached skill level 1 in Fighting
   232 | D:1      | Reached skill level 3 in Earth Magic
   232 | D:1      | Gained mutation: A meltable shield of frost defends you.
                  | (SH +4) [demonic ancestry]
   232 | D:1      | Reached XP level 2. HP: 21/21 MP: 0/5
   559 | D:1      | Found a faded altar of an unknown god.
   655 | D:1      | Reached XP level 3. HP: 23/27 MP: 1/6
   816 | D:1      | Found Pivuirer's Magic Scroll Emporium.
  1563 | D:2      | Noticed Natasha
  1571 | D:2      | Killed from afar by Natasha

Illustrated notes

Levels and vault maps discovered:
D:1:      grunt_arrival_lava_bath, layout_loops_ring, serial_shops,
          nicolae_shop_peninsula, hellmonk_ecumenical_altar_run_dry,
          roderic_lattice_a, minmay_tiny_reverse_x
D:2:      layout_rooms, glass_columns_b, uniq_natasha

Skill      XL: |  1  2  3 |
---------------+----------+-----
Fighting       | 1 2 |  2.4
Earth Magic    | 3 |  3.6
Dodging        | |  1.7
Stealth        | |  1.7
Spellcasting   | |  2.0
Transmutations | |  0.8

Action                     || total
---------------------------++-------
  Melee: Dagger            ||    17
   Cast: Sandblast         ||    73
 Armour: Robe              ||    11
  Dodge: Dodged            ||    43
  Block: Other             ||    13

Table legend: (Time is in decaauts)
 A = Elapsed time spent in this place.
 B = Non-inter-level travel time spent in this place.
 C = Inter-level travel time spent in this place.
 D = Time resting spent in this place.
 E = Time spent auto-exploring this place.
 F = Levels seen in this place.
 G = Mean time per level.
                   A        B        C        D        E       F      G
               +--------+--------+--------+--------+--------+-----+--------+
         Total |   1608 |   1570 |     38 |     50 |   1228 |   2 |  804.0 |
       Dungeon |   1608 |   1570 |     38 |     50 |   1228 |   2 |  804.0 |
               +--------+--------+--------+--------+--------+-----+--------+

Top non-repeatable levels by time:
     D:1: 1326 daAuts
     D:2: 281 daAuts
